 Dungeon Crawl Stone Soup version 0.30.1-11-g7821555f0a (webtiles) character file.

Game seed: 9674466900418291683

70 Okkudo the Chopper (level 4, 0/41 HPs)
             Began as a Hill Orc Monk on Dec 4, 2023.
             Slain by Grinder (5 damage)
             ... on level 3 of the Dungeon.
             The game lasted 00:05:35 (1310 turns).

Okkudo the Chopper (Hill Orc Monk)                  Turns: 1310, Time: 00:05:36

Health: 0/41       AC:  9    Str: 15    XL:     4   Next: 21%
Magic:  4/4        EV:  7    Int: 10    God:
Gold:   84         SH:  0    Dex: 13    Spells: 3/3 levels left

rFire   . . .        q - +0 war axe
rCold   . . .        d - orb {light}
rNeg    . . .        o - +0 chain mail
rPois   .            (no helmet)
rElec   .            (no cloak)
rCorr   .            (no gloves)
SInv    .            i - +0 pair of boots
Will    .....        p - amulet of regeneration Stlth
                     (no ring)
HPRegen 1.06/turn    (no ring)
MPRegen 0.09/turn

%: no passive effects
@: glowing
A: no striking features
a: no special abilities


You were on level 3 of the Dungeon.
You visited 1 branch of the dungeon, and saw 3 of its levels.

You collected 84 gold pieces.

Inventory:

Hand Weapons
 q - a +0 war axe (weapon)
Armour
 d - an orb of light (worn)
 i - a +0 pair of boots (worn)
 o - a +0 chain mail (worn)
Jewellery
 p - an amulet of regeneration (around neck)
Wands
 m - a wand of polymorph (2)
Scrolls
 g - 2 scrolls of enchant weapon {unknown}
 h - 2 scrolls of noise {unknown}
 k - a scroll of enchant armour {unknown}
 l - 2 scrolls of vulnerability {unknown}
 n - a scroll of identify {unknown}
Potions
 a - 2 potions of cancellation {unknown}
 b - a potion of degeneration {unknown}
 c - 2 potions of ambrosia
 e - a potion of curing {unknown}
 f - a potion of mutation {unknown}
 j - a potion of heal wounds {unknown}


   Skills:
 + Level 4.4 Fighting
 * Level 5.7 Axes
 - Level 2.5 Dodging


You had 3 spell levels left.
You didn't know any spells.
Your spell library contained the following spells:

 Spells                   Type           Power      Damage    Failure   Level
 Dazzling Flash           Conj/Hex       0%         N/A       100%        3
 Iskenderun's Battlesphe  Conj           0%         2d6       100%        5
 Statue Form              Tmut/Erth      0%         N/A       100%        6


Dungeon Overview and Level Annotations

Branches:
Dungeon (3/15)

Altars:

Shops:
D:1 [   D:2 [

Annotations:
D:3 Grinder


Message History

Grinder barely misses you.
You hit Grinder.
Grinder is moderately wounded.
Grinder hits you.
You writhe in agony.
Grinder hits you.
You writhe in agony.
You hit Grinder but do no damage.
Grinder is moderately wounded.
Grinder closely misses you.
You barely miss Grinder.
Grinder is moderately wounded.
Grinder hits you but does no damage.
You hit Grinder.
Grinder is moderately wounded.
Grinder barely misses you.
You hit Grinder.
Grinder is moderately wounded.
Grinder hits you but does no damage.
You barely miss Grinder.
Grinder is moderately wounded.
Grinder hits you!
You writhe in agony.
Grinder barely misses you.
You barely miss Grinder.
Grinder is moderately wounded.
Grinder gestures at you. Pain shoots through your body!
You slash Grinder!
Grinder is heavily wounded.
Grinder hits you but does no damage.
You slash Grinder!
Grinder is severely wounded.
Grinder hits you.
You writhe in agony.
You slash Grinder!
Grinder is almost dead.
Grinder gestures at you. Pain shoots through your body!
* * * LOW HITPOINT WARNING * * *
You barely miss Grinder.
Grinder is almost dead.
Grinder hits you.
* * * LOW HITPOINT WARNING * * *
Grinder hits you.
You die...

#.......# #.
#.......############.
#.......'..........'.
#.......##....######.
#..>....##....# ##
###'######....#######
#..................
#.#####............
#.@5# ####.#.......
##.......#.#.......
........#.#.....†.
.........#.#.......
....................
............#.######.
.............#. #.
..............#. #.
##


You could see Grinder.

Vanquished Creatures
  Jessica (D:2)
  An adder (D:3)
  A worm (D:3)
  An orc (D:3)
  4 endoplasms
  A giant cockroach (D:3)
  4 goblins
  4 hobgoblins
  A kobold (D:2)
  A ball python (D:1)
  5 bats
  4 frilled lizards
28 creatures vanquished.

Notes
Turn   | Place    | Note
-------+----------+-------------------------------------------
     0 | D:1      | Okkudo the Hill Orc Monk began the quest for the Orb.
     0 | D:1      | Reached XP level 1. HP: 19/19 MP: 1/1
   420 | D:1      | Found Deuny's Antique Armour Shoppe.
   440 | D:1      | Reached XP level 2. HP: 23/27 MP: 2/2
   870 | D:2      | Found Weguj's Antique Armour Emporium.
   995 | D:2      | Got Timakh's Directory of Conjured Changes
  1030 | D:2      | Noticed Jessica
  1038 | D:2      | Killed Jessica
  1039 | D:2      | Reached skill level 5 in Axes
  1039 | D:2      | Reached XP level 3. HP: 29/33 MP: 3/3
  1238 | D:3      | Reached XP level 4. HP: 41/41 MP: 4/4
  1296 | D:3      | Noticed Grinder
  1310 | D:3      | Slain by Grinder

Illustrated notes

Levels and vault maps discovered:
D:1:      nzn_arrival_water_spiral, layout_loops_ring, serial_shops,
          nicolae_shop_temple_entry_statues_fountains, serial_glass,
          glass_columns_b, glass_columns_b, glass_columns_a, glass_columns_a,
          glass_columns_b, glass_columns_a
D:2:      layout_rooms, serial_shops, shop, serial_bayou_pond_e, uniq_jessica
D:3:      layout_basic, nicolae_overflow_hidden_temple,
          kennysheep_vampire_church, uniq_grinder, uniq_crazy_yiuf_cottage

Skill      XL: |  1  2 |
---------------+-------+-----
Fighting       | 4 |  4.4
Axes           | 5 |  5.7
Dodging        | |  2.5

Action                     |  1- 3 |  4- 6 || total
---------------------------+-------+-------++-------
  Melee: Hand axe          |    45 |       ||    45
         Unarmed           |     2 |       ||     2
         War axe           |    10 |    18 ||    28
 Armour: Robe              |     5 |       ||     5
         Leather armour    |     7 |       ||     7
         Chain mail        |     7 |     7 ||    14
  Dodge: Dodged            |    31 |     7 ||    38
